 Dungeon Crawl Stone Soup version 0.30-a0-859-gf88a04b62d (webtiles) character file.

Game seed: 6111707312902948170

95 Maxmaps the Ducker (level 4, -1/41 HPs)
             Began as a Gnoll Monk on Mar 7, 2023.
             Slain by an ogre
             ... wielding a +0 giant club
              (24 damage)
             ... on level 4 of the Dungeon.
             The game lasted 00:01:39 (2353 turns).

Maxmaps the Ducker (Gnoll Monk)                     Turns: 2353, Time: 00:01:40

Health: -1/41      AC:  8    Str: 10    XL:     4   Next: 65%
Magic:  0/5        EV: 12    Int: 12    God:
Gold:   105        SH:  0    Dex: 14    Spells: 5/5 levels left

rFire   . . .      SeeInvis .    n - +2 dagger (venom)
rCold   . . .      Faith    .    (no shield)
rNeg    . . .      Spirit   +    l - +3 ring mail
rPois   .          Reflect  .    (no helmet)
rElec   .          Rampage  .    (no cloak)
rCorr   .                        (no gloves)
Will    .....                    (no boots)
Stlth   ++                       j - amulet of guardian spirit
HPRegen 0.26/turn                (no ring)
MPRegen 0.09/turn                (no ring)

@: no status effects
A: fangs 1, strong nose, distributed training
a: no special abilities


You were on level 4 of the Dungeon.
You visited 1 branch of the dungeon, and saw 4 of its levels.

You collected 105 gold pieces.

Inventory:

Hand Weapons
 a - a +0 falchion
 n - a +2 dagger of venom (weapon)
Armour
 l - a +3 ring mail (worn)
Jewellery
 j - an amulet of guardian spirit (around neck)
Scrolls
 b - a scroll of fog {unknown}
 d - a scroll of fear {unknown}
 h - 2 scrolls of identify {unknown}
 k - 3 scrolls of teleportation {unknown}
 o - a scroll of brand weapon {unknown}
 p - a scroll of vulnerability {unknown}
 s - a scroll of torment {unknown}
 t - a scroll of enchant armour {unknown}
Potions
 c - a potion of ambrosia
 e - a potion of berserk rage {unknown}
 f - 2 potions of haste {unknown}
 g - a potion of brilliance {unknown}
 i - a potion of attraction {unknown}
 m - 2 potions of lignification {unknown}
 q - 2 potions of curing {unknown}
 r - a potion of degeneration {unknown}


   Skills:
 + Level 6.6 Fighting
 + Level 1.2 Short Blades
 + Level 6.6 Long Blades
 + Level 1.2 Axes
 + Level 1.2 Maces & Flails
 + Level 1.2 Polearms
 + Level 1.2 Staves
 + Level 1.2 Ranged Weapons
 + Level 1.2 Throwing
 + Level 1.2 Armour
 + Level 6.6 Dodging
 + Level 4.3 Stealth
 + Level 1.2 Shields
 + Level 1.2 Unarmed Combat
 + Level 1.2 Spellcasting
 + Level 1.0 Conjurations
 + Level 1.0 Hexes
 + Level 1.0 Summonings
 + Level 1.0 Necromancy
 + Level 1.0 Translocations
 + Level 1.0 Transmutations
 + Level 1.0 Fire Magic
 + Level 1.0 Ice Magic
 + Level 1.0 Air Magic
 + Level 1.0 Earth Magic
 + Level 1.0 Poison Magic
 + Level 1.4 Invocations
 + Level 1.2 Evocations


You had 5 spell levels left.
You didn't know any spells.
Your spell library contained the following spells:

 Spells                   Type           Power      Damage    Failure   Level
 Gell's Gravitas          Tloc           3%         N/A       82%         3
 Teleport Other           Tloc           3%         N/A       82%         3
 Dispersal                Tloc           1%         N/A       100%        6


Dungeon Overview and Level Annotations

Branches:
Dungeon (4/15)
 Temple: D:4-7

Altars:
Uskayaw


Innate Abilities, Weirdness & Mutations

You have very sharp teeth.
Your uncanny sense of smell can sniff out nearby items.
Your experience applies equally to all skills.


Message History

You kill the kobold!
Things that are here:
a +0 club; 4 stones; a kobold corpse You hit the goblin.
The goblin is heavily wounded.
The goblin hits you but does no damage. x2
You hit the goblin.
You kill the goblin!
No target in view!
No target in view!
No target in view!
No target in view!
No target in view!
Things that are here:
a +1 dagger of speed; a goblin corpse Key pressed, stopping explore.
No target in view!
h - 2 scrolls labelled GIXA KUUSEVOU (gained 1)
You see here the +6 morningstar of Ru's Wrath {flame, Fly rPois rN+}.
No target in view!
An ogre comes into view. It is wielding a +0 giant club.
An ogre is nearby!
Found a dire flail.
The ogre shouts!
An endoplasm comes into view.
There are monsters nearby!
Found a dark potion.
Found an escape hatch in the ceiling.
You barely miss the ogre.
The ogre hits you with a +0 giant club!!
The endoplasm quivers.
You hit the ogre.
The ogre is poisoned.
The ogre is lightly wounded.
The ogre hits you but does no damage.
You hit the ogre.
The ogre looks as sick as possible!
The ogre is moderately wounded.
You hit the ogre.
The ogre looks as sick as possible!
The ogre is heavily wounded.
The ogre hits you with a +0 giant club!!
Ouch! That really hurt!
You die...

### ## .. ...
#####.##..!.
.......<.
######.OJ.#
....)..@#
######..# #..# #
#..#.#
####..#.#.# #
#)........# .
#.##..#.### #.#
#.#.##..#.###
#.###.#..........


You could see an ogre (extremely poisoned) and an endoplasm.

Vanquished Creatures
  4 adders
  A dart slug (D:2)
  An orc (D:3)
  5 ball pythons
  7 bats
  3 endoplasms
  5 giant cockroaches
  5 hobgoblins
  A quokka (D:1)
  3 frilled lizards
  7 goblins
  4 kobolds
  13 rats
59 creatures vanquished.

Notes
Turn   | Place    | Note
-------+----------+-------------------------------------------
     0 | D:1      | Maxmaps the Gnoll Monk began the quest for the Orb.
     0 | D:1      | Reached XP level 1. HP: 23/23 MP: 1/1
   160 | D:1      | Reached XP level 2. HP: 29/29 MP: 2/2
   847 | D:2      | Reached XP level 3. HP: 24/35 MP: 3/3
   989 | D:2      | Reached skill level 1 in Invocations
  1103 | D:2      | Reached skill level 1 in Short Blades
  1103 | D:2      | Reached skill level 1 in Axes
  1103 | D:2      | Reached skill level 1 in Maces & Flails
  1103 | D:2      | Reached skill level 1 in Polearms
  1103 | D:2      | Reached skill level 1 in Staves
  1103 | D:2      | Reached skill level 1 in Ranged Weapons
  1103 | D:2      | Reached skill level 1 in Throwing
  1103 | D:2      | Reached skill level 1 in Armour
  1103 | D:2      | Reached skill level 1 in Shields
  1103 | D:2      | Reached skill level 1 in Unarmed Combat
  1103 | D:2      | Reached skill level 1 in Spellcasting
  1103 | D:2      | Reached skill level 1 in Evocations
  1438 | D:3      | Reached XP level 4. HP: 41/41 MP: 5/5
  1468 | D:3      | Noticed a +0 dagger
  1468 | D:3      | Noticed a +0 dagger
  1468 | D:3      | Noticed a +0 spear
  1506 | D:3      | Reached skill level 1 in Conjurations
  1506 | D:3      | Reached skill level 1 in Hexes
  1506 | D:3      | Reached skill level 1 in Summonings
  1506 | D:3      | Reached skill level 1 in Necromancy
  1506 | D:3      | Reached skill level 1 in Translocations
  1506 | D:3      | Reached skill level 1 in Transmutations
  1506 | D:3      | Reached skill level 1 in Fire Magic
  1506 | D:3      | Reached skill level 1 in Ice Magic
  1506 | D:3      | Reached skill level 1 in Air Magic
  1506 | D:3      | Reached skill level 1 in Earth Magic
  1506 | D:3      | Reached skill level 1 in Poison Magic
  1519 | D:3      | Noticed a +0 short sword
  1519 | D:3      | Noticed a +0 spear
  1520 | D:3      | Noticed a +0 falchion
  1523 | D:3      | Noticed a +0 short sword
  1523 | D:3      | Noticed a +0 falchion
  1534 | D:3      | Found a hide-covered altar of Uskayaw.
  2341 | D:4      | Identified the +6 morningstar of Ru's Wrath {flame, Fly
                  | rPois rN+}
  2346 | D:4      | Noticed an ogre
  2353 | D:4      | Slain by an ogre

Illustrated notes

Levels and vault maps discovered:
D:1:      dpeg_arrival_stone_temple_mockup, layout_basic,
          minmay_rat_gold_closets
D:2:      layout_rooms
D:3:      layout_loops_corners, nicolae_uskayaw_en_pointe, minmay_box_of_dots
D:4:      layout_loops_ring, gammafunk_temple_overflow_pools

Skill      XL: |  1  2  3  4 |
---------------+-------------+-----
Invocations    | 1 |  1.4
Short Blades   | 1 |  1.2
Axes           | 1 |  1.2
Maces & Flails | 1 |  1.2
Polearms       | 1 |  1.2
Staves         | 1 |  1.2
Ranged Weapons | 1 |  1.2
Throwing       | 1 |  1.2
Armour         | 1 |  1.2
Shields        | 1 |  1.2
Unarmed Combat | 1 |  1.2
Spellcasting   | 1 |  1.2
Evocations     | 1 |  1.2
Conjurations   | 1 |  1.0
Hexes          | 1 |  1.0
Summonings     | 1 |  1.0
Necromancy     | 1 |  1.0
Translocations | 1 |  1.0
Transmutations | 1 |  1.0
Fire Magic     | 1 |  1.0
Ice Magic      | 1 |  1.0
Air Magic      | 1 |  1.0
Earth Magic    | 1 |  1.0
Poison Magic   | 1 |  1.0
Fighting       | |  6.6
Long Blades    | |  6.6
Dodging        | |  6.6
Stealth        | |  4.3

Action                     |  1- 3 |  4- 6 || total
---------------------------+-------+-------++-------
  Melee: Falchion          |    75 |       ||    75
         Bite              |     7 |     3 ||    10
         Punch             |     1 |     1 ||     2
         Dagger            |    18 |    44 ||    62
   Stab: Sleeping          |     8 |     1 ||     9
         Distracted        |       |     1 ||     1
 Armour: Ring mail         |    26 |    14 ||    40
         Robe              |     2 |       ||     2
  Dodge: Dodged            |    61 |    20 ||    81

Table legend: (Time is in decaauts)
 A = Elapsed time spent in this place.
 B = Non-inter-level travel time spent in this place.
 C = Inter-level travel time spent in this place.
 D = Time resting spent in this place.
 E = Time spent auto-exploring this place.
 F = Levels seen in this place.
 G = Mean time per level.
                   A        B        C        D        E       F      G
               +--------+--------+--------+--------+--------+-----+--------+
         Total |   2347 |   2247 |    100 |      0 |   1860 |   4 |  586.8 |
       Dungeon |   2347 |   2247 |    100 |      0 |   1860 |   4 |  586.8 |
               +--------+--------+--------+--------+--------+-----+--------+

Top non-repeatable levels by time:
     D:3: 913 daAuts
     D:1: 835 daAuts
     D:2: 553 daAuts
     D:4: 44 daAuts
